Workbook

Sheet Registro provvigioni
A1: ID operazione | B1: Data incarico | C1: Data rogito/contratto | D1: Tipo operazione | E1: Immobile | F1: Indirizzo | G1: Città | H1: Cliente / proprietario | I1: Acquirente / conduttore | J1: Agente responsabile | K1: Valore immobile (€) | L1: Canone mensile (€) | M1: Mensilità considerate | N1: Base provvigionale (€) | O1: Aliquota provvigione (%) | P1: Provvigione imponibile (€) | Q1: Aliquota IVA (%) | R1: IVA (€) | S1: Provvigione lorda (€) | T1: Quota agente (%) | U1: Quota agente (€) | V1: Quota agenzia (€) | W1: Stato pagamento | X1: Data fattura | Y1: Data incasso | Z1: Note
A2: OP-2026-001 | B2: 46058 | C2: 46109 | D2: Compravendita | E2: Trilocale con balcone | F2: Via Roma 12 | G2: Milano | H2: Marco Rossi | I2: Giulia Bianchi | J2: Paolo Moretti | K2: 320000 | N2: =IF($A2="","",IF($D2="Compravendita",$K2,IF($D2="Locazione",$L2*$M2,0))) | O2: 0.03 | P2: =IF($A2="","",$N2*$O2) | Q2: =IF($A2="","",IFERROR(VLOOKUP('Riepilogo'!$H$15,'Riepilogo'!$H$15:$I$17,2,FALSE),0)) | R2: =IF($A2="","",$P2*$Q2) | S2: =IF($A2="","",$P2+$R2) | T2: 0.35 | U2: =IF($A2="","",$S2*$T2) | V2: =IF($A2="","",$S2-$U2) | W2: Incassata | X2: 46111 | Y2: 46130 | Z2: Saldo ricevuto con bonifico.
A3: OP-2026-002 | B3: 46071 | C3: 46127 | D3: Compravendita | E3: Attico panoramico | F3: Corso Italia 45 | G3: Roma | H3: Anna Esposito | I3: Lorenzo Martini | J3: Silvia Ricci | K3: 490000 | N3: =IF($A3="","",IF($D3="Compravendita",$K3,IF($D3="Locazione",$L3*$M3,0))) | O3: 0.025 | P3: =IF($A3="","",$N3*$O3) | Q3: =IF($A3="","",IFERROR(VLOOKUP('Riepilogo'!$H$15,'Riepilogo'!$H$15:$I$17,2,FALSE),0)) | R3: =IF($A3="","",$P3*$Q3) | S3: =IF($A3="","",$P3+$R3) | T3: 0.4 | U3: =IF($A3="","",$S3*$T3) | V3: =IF($A3="","",$S3-$U3) | W3: Fatturata | X3: 46129 | Z3: In attesa della scadenza fattura.
A4: OP-2026-003 | B4: 46083 | C4: 46164 | D4: Compravendita | E4: Quadrilocale ristrutturato | F4: Via Garibaldi 8 | G4: Torino | H4: Luca Ferrari | I4: Sara Greco | J4: Andrea De Angelis | K4: 240000 | N4: =IF($A4="","",IF($D4="Compravendita",$K4,IF($D4="Locazione",$L4*$M4,0))) | O4: 0.035 | P4: =IF($A4="","",$N4*$O4) | Q4: =IF($A4="","",IFERROR(VLOOKUP('Riepilogo'!$H$15,'Riepilogo'!$H$15:$I$17,2,FALSE),0)) | R4: =IF($A4="","",$P4*$Q4) | S4: =IF($A4="","",$P4+$R4) | T4: 0.35 | U4: =IF($A4="","",$S4*$T4) | V4: =IF($A4="","",$S4-$U4) | W4: Parziale | X4: 46167 | Y4: 46181 | Z4: Acconto incassato; saldo da sollecitare.
A5: OP-2026-004 | B5: 46096 | C5: 46183 | D5: Compravendita | E5: Loft in centro storico | F5: Via Dante 3 | G5: Bologna | H5: Francesca Romano | I5: Matteo Ricci | J5: Paolo Moretti | K5: 285000 | N5: =IF($A5="","",IF($D5="Compravendita",$K5,IF($D5="Locazione",$L5*$M5,0))) | O5: 0.03 | P5: =IF($A5="","",$N5*$O5) | Q5: =IF($A5="","",IFERROR(VLOOKUP('Riepilogo'!$H$15,'Riepilogo'!$H$15:$I$17,2,FALSE),0)) | R5: =IF($A5="","",$P5*$Q5) | S5: =IF($A5="","",$P5+$R5) | T5: 0.35 | U5: =IF($A5="","",$S5*$T5) | V5: =IF($A5="","",$S5-$U5) | W5: Da fatturare | Z5: Fattura da emettere dopo verifica documenti.
A6: OP-2026-005 | B6: 46118 | C6: 46203 | D6: Compravendita | E6: Bilocale vista mare | F6: Viale Europa 21 | G6: Napoli | H6: Giuseppe Conti | I6: Elena Vitale | J6: Silvia Ricci | K6: 185000 | N6: =IF($A6="","",IF($D6="Compravendita",$K6,IF($D6="Locazione",$L6*$M6,0))) | O6: 0.04 | P6: =IF($A6="","",$N6*$O6) | Q6: =IF($A6="","",IFERROR(VLOOKUP('Riepilogo'!$H$15,'Riepilogo'!$H$15:$I$17,2,FALSE),0)) | R6: =IF($A6="","",$P6*$Q6) | S6: =IF($A6="","",$P6+$R6) | T6: 0.4 | U6: =IF($A6="","",$S6*$T6) | V6: =IF($A6="","",$S6-$U6) | W6: Incassata | X6: 46205 | Y6: 46219 | Z6: Incasso completo verificato.
A7: OP-2026-006 | B7: 46132 | C7: 46147 | D7: Locazione | E7: Appartamento arredato | F7: Via dei Neri 18 | G7: Firenze | H7: Marco Rossi | I7: Chiara Lombardi | J7: Andrea De Angelis | L7: 1250 | M7: 2 | N7: =IF($A7="","",IF($D7="Compravendita",$K7,IF($D7="Locazione",$L7*$M7,0))) | O7: 1 | P7: =IF($A7="","",$N7*$O7) | Q7: =IF($A7="","",IFERROR(VLOOKUP('Riepilogo'!$H$15,'Riepilogo'!$H$15:$I$17,2,FALSE),0)) | R7: =IF($A7="","",$P7*$Q7) | S7: =IF($A7="","",$P7+$R7) | T7: 0.3 | U7: =IF($A7="","",$S7*$T7) | V7: =IF($A7="","",$S7-$U7) | W7: Incassata | X7: 46148 | Y7: 46162 | Z7: Provvigione pari a due mensilità.
A8: OP-2026-007 | B8: 46154 | C8: 46174 | D8: Locazione | E8: Monolocale porto antico | F8: Via XX Settembre 76 | G8: Genova | H8: Giulia Bianchi | I8: Davide Rinaldi | J8: Paolo Moretti | L8: 950 | M8: 1 | N8: =IF($A8="","",IF($D8="Compravendita",$K8,IF($D8="Locazione",$L8*$M8,0))) | O8: 1 | P8: =IF($A8="","",$N8*$O8) | Q8: =IF($A8="","",IFERROR(VLOOKUP('Riepilogo'!$H$15,'Riepilogo'!$H$15:$I$17,2,FALSE),0)) | R8: =IF($A8="","",$P8*$Q8) | S8: =IF($A8="","",$P8+$R8) | T8: 0.35 | U8: =IF($A8="","",$S8*$T8) | V8: =IF($A8="","",$S8-$U8) | W8: Fatturata | X8: 46175 | Z8: Contratto registrato; attesa pagamento.
A9: OP-2026-008 | B9: 46181 | C9: 46204 | D9: Locazione | E9: Trilocale con terrazzo | F9: Via Libertà 102 | G9: Palermo | H9: Anna Esposito | I9: Federico Sala | J9: Silvia Ricci | L9: 750 | M9: 2 | N9: =IF($A9="","",IF($D9="Compravendita",$K9,IF($D9="Locazione",$L9*$M9,0))) | O9: 1 | P9: =IF($A9="","",$N9*$O9) | Q9: =IF($A9="","",IFERROR(VLOOKUP('Riepilogo'!$H$15,'Riepilogo'!$H$15:$I$17,2,FALSE),0)) | R9: =IF($A9="","",$P9*$Q9) | S9: =IF($A9="","",$P9+$R9) | T9: 0.4 | U9: =IF($A9="","",$S9*$T9) | V9: =IF($A9="","",$S9-$U9) | W9: Parziale | X9: 46206 | Y9: 46222 | Z9: Ricevuta una mensilità; saldo aperto.
A10: OP-2026-009 | B10: 46205 | C10: 46255 | D10: Compravendita | E10: Villa con giardino | F10: Via Appia Nuova 310 | G10: Roma | H10: Francesca Romano | I10: Alessandro Neri | J10: Andrea De Angelis | K10: 410000 | N10: =IF($A10="","",IF($D10="Compravendita",$K10,IF($D10="Locazione",$L10*$M10,0))) | O10: 0.02 | P10: =IF($A10="","",$N10*$O10) | Q10: =IF($A10="","",IFERROR(VLOOKUP('Riepilogo'!$H$15,'Riepilogo'!$H$15:$I$17,2,FALSE),0)) | R10: =IF($A10="","",$P10*$Q10) | S10: =IF($A10="","",$P10+$R10) | T10: 0.35 | U10: =IF($A10="","",$S10*$T10) | V10: =IF($A10="","",$S10-$U10) | W10: Da fatturare | Z10: Rogito concluso; accordo provvigionale da confermare.
A11: OP-2026-010 | B11: 46244 | C11: 46266 | D11: Locazione | E11: Attico con posto auto | F11: Lungarno Vespucci 14 | G11: Firenze | H11: Luca Ferrari | I11: Valentina Costa | J11: Paolo Moretti | L11: 1450 | M11: 1 | N11: =IF($A11="","",IF($D11="Compravendita",$K11,IF($D11="Locazione",$L11*$M11,0))) | O11: 1 | P11: =IF($A11="","",$N11*$O11) | Q11: =IF($A11="","",IFERROR(VLOOKUP('Riepilogo'!$H$15,'Riepilogo'!$H$15:$I$17,2,FALSE),0)) | R11: =IF($A11="","",$P11*$Q11) | S11: =IF($A11="","",$P11+$R11) | T11: 0.35 | U11: =IF($A11="","",$S11*$T11) | V11: =IF($A11="","",$S11-$U11) | W11: Incassata | X11: 46267 | Y11: 46279 | Z11: Incasso completo tramite bonifico.
N12: =IF($A12="","",IF($D12="Compravendita",$K12,IF($D12="Locazione",$L12*$M12,0))) | P12: =IF($A12="","",$N12*$O12) | Q12: =IF($A12="","",IFERROR(VLOOKUP('Riepilogo'!$H$15,'Riepilogo'!$H$15:$I$17,2,FALSE),0)) | R12: =IF($A12="","",$P12*$Q12) | S12: =IF($A12="","",$P12+$R12) | U12: =IF($A12="","",$S12*$T12) | V12: =IF($A12="","",$S12-$U12)
N13: =IF($A13="","",IF($D13="Compravendita",$K13,IF($D13="Locazione",$L13*$M13,0))) | P13: =IF($A13="","",$N13*$O13) | Q13: =IF($A13="","",IFERROR(VLOOKUP('Riepilogo'!$H$15,'Riepilogo'!$H$15:$I$17,2,FALSE),0)) | R13: =IF($A13="","",$P13*$Q13) | S13: =IF($A13="","",$P13+$R13) | U13: =IF($A13="","",$S13*$T13) | V13: =IF($A13="","",$S13-$U13)
N14: =IF($A14="","",IF($D14="Compravendita",$K14,IF($D14="Locazione",$L14*$M14,0))) | P14: =IF($A14="","",$N14*$O14) | Q14: =IF($A14="","",IFERROR(VLOOKUP('Riepilogo'!$H$15,'Riepilogo'!$H$15:$I$17,2,FALSE),0)) | R14: =IF($A14="","",$P14*$Q14) | S14: =IF($A14="","",$P14+$R14) | U14: =IF($A14="","",$S14*$T14) | V14: =IF($A14="","",$S14-$U14)
N15: =IF($A15="","",IF($D15="Compravendita",$K15,IF($D15="Locazione",$L15*$M15,0))) | P15: =IF($A15="","",$N15*$O15) | Q15: =IF($A15="","",IFERROR(VLOOKUP('Riepilogo'!$H$15,'Riepilogo'!$H$15:$I$17,2,FALSE),0)) | R15: =IF($A15="","",$P15*$Q15) | S15: =IF($A15="","",$P15+$R15) | U15: =IF($A15="","",$S15*$T15) | V15: =IF($A15="","",$S15-$U15)
N16: =IF($A16="","",IF($D16="Compravendita",$K16,IF($D16="Locazione",$L16*$M16,0))) | P16: =IF($A16="","",$N16*$O16) | Q16: =IF($A16="","",IFERROR(VLOOKUP('Riepilogo'!$H$15,'Riepilogo'!$H$15:$I$17,2,FALSE),0)) | R16: =IF($A16="","",$P16*$Q16) | S16: =IF($A16="","",$P16+$R16) | U16: =IF($A16="","",$S16*$T16) | V16: =IF($A16="","",$S16-$U16)
N17: =IF($A17="","",IF($D17="Compravendita",$K17,IF($D17="Locazione",$L17*$M17,0))) | P17: =IF($A17="","",$N17*$O17) | Q17: =IF($A17="","",IFERROR(VLOOKUP('Riepilogo'!$H$15,'Riepilogo'!$H$15:$I$17,2,FALSE),0)) | R17: =IF($A17="","",$P17*$Q17) | S17: =IF($A17="","",$P17+$R17) | U17: =IF($A17="","",$S17*$T17) | V17: =IF($A17="","",$S17-$U17)
N18: =IF($A18="","",IF($D18="Compravendita",$K18,IF($D18="Locazione",$L18*$M18,0))) | P18: =IF($A18="","",$N18*$O18) | Q18: =IF($A18="","",IFERROR(VLOOKUP('Riepilogo'!$H$15,'Riepilogo'!$H$15:$I$17,2,FALSE),0)) | R18: =IF($A18="","",$P18*$Q18) | S18: =IF($A18="","",$P18+$R18) | U18: =IF($A18="","",$S18*$T18) | V18: =IF($A18="","",$S18-$U18)
N19: =IF($A19="","",IF($D19="Compravendita",$K19,IF($D19="Locazione",$L19*$M19,0))) | P19: =IF($A19="","",$N19*$O19) | Q19: =IF($A19="","",IFERROR(VLOOKUP('Riepilogo'!$H$15,'Riepilogo'!$H$15:$I$17,2,FALSE),0)) | R19: =IF($A19="","",$P19*$Q19) | S19: =IF($A19="","",$P19+$R19) | U19: =IF($A19="","",$S19*$T19) | V19: =IF($A19="","",$S19-$U19)
N20: =IF($A20="","",IF($D20="Compravendita",$K20,IF($D20="Locazione",$L20*$M20,0))) | P20: =IF($A20="","",$N20*$O20) | Q20: =IF($A20="","",IFERROR(VLOOKUP('Riepilogo'!$H$15,'Riepilogo'!$H$15:$I$17,2,FALSE),0)) | R20: =IF($A20="","",$P20*$Q20) | S20: =IF($A20="","",$P20+$R20) | U20: =IF($A20="","",$S20*$T20) | V20: =IF($A20="","",$S20-$U20)
N21: =IF($A21="","",IF($D21="Compravendita",$K21,IF($D21="Locazione",$L21*$M21,0))) | P21: =IF($A21="","",$N21*$O21) | Q21: =IF($A21="","",IFERROR(VLOOKUP('Riepilogo'!$H$15,'Riepilogo'!$H$15:$I$17,2,FALSE),0)) | R21: =IF($A21="","",$P21*$Q21) | S21: =IF($A21="","",$P21+$R21) | U21: =IF($A21="","",$S21*$T21) | V21: =IF($A21="","",$S21-$U21)
N22: =IF($A22="","",IF($D22="Compravendita",$K22,IF($D22="Locazione",$L22*$M22,0))) | P22: =IF($A22="","",$N22*$O22) | Q22: =IF($A22="","",IFERROR(VLOOKUP('Riepilogo'!$H$15,'Riepilogo'!$H$15:$I$17,2,FALSE),0)) | R22: =IF($A22="","",$P22*$Q22) | S22: =IF($A22="","",$P22+$R22) | U22: =IF($A22="","",$S22*$T22) | V22: =IF($A22="","",$S22-$U22)
N23: =IF($A23="","",IF($D23="Compravendita",$K23,IF($D23="Locazione",$L23*$M23,0))) | P23: =IF($A23="","",$N23*$O23) | Q23: =IF($A23="","",IFERROR(VLOOKUP('Riepilogo'!$H$15,'Riepilogo'!$H$15:$I$17,2,FALSE),0)) | R23: =IF($A23="","",$P23*$Q23) | S23: =IF($A23="","",$P23+$R23) | U23: =IF($A23="","",$S23*$T23) | V23: =IF($A23="","",$S23-$U23)
... N101: =IF($A101="","",IF($D101="Compravendita",$K101,IF($D101="Locazione",$L101*$M101,0))) | P101: =IF($A101="","",$N101*$O101) | Q101: =IF($A101="","",IFERROR(VLOOKUP('Riepilogo'!$H$15,'Riepilogo'!$H$15:$I$17,2,FALSE),0)) | R101: =IF($A101="","",$P101*$Q101) | S101: =IF($A101="","",$P101+$R101) | U101: =IF($A101="","",$S101*$T101) | V101: =IF($A101="","",$S101-$U101)

Sheet Riepilogo
A1: Riepilogo provvigioni agenzia immobiliare
A3: Indicatore | B3: Valore
A4: Numero totale operazioni | B4: =COUNTA('Registro provvigioni'!$A$2:$A$101)
A5: Provvigioni imponibili totali | B5: =SUM('Registro provvigioni'!$P$2:$P$101)
A6: IVA totale | B6: =SUM('Registro provvigioni'!$R$2:$R$101)
A7: Provvigioni lorde totali | B7: =SUM('Registro provvigioni'!$S$2:$S$101)
A8: Media provvigione lorda | B8: =IFERROR(AVERAGE('Registro provvigioni'!$S$2:$S$101),0)
A9: Operazioni incassate | B9: =COUNTIF('Registro provvigioni'!$W$2:$W$101,$A$15)
A10: Totale ancora da incassare | B10: =B7-SUMIF('Registro provvigioni'!$W$2:$W$101,$A$15,'Registro provvigioni'!$S$2:$S$101)
A11: Tasso medio di provvigione | B11: =IFERROR(AVERAGE('Registro provvigioni'!$O$2:$O$101),0)
A13: Stato pagamento | B13: Operazioni | C13: Provvigioni lorde | E13: Tipo operazione | F13: Operazioni | G13: Provvigioni lorde | H13: Parametri fiscali | I13: Valore
A14: Incassata | B14: =COUNTIF('Registro provvigioni'!$W$2:$W$101,A14) | C14: =SUMIF('Registro provvigioni'!$W$2:$W$101,A14,'Registro provvigioni'!$S$2:$S$101) | E14: Compravendita | F14: =COUNTIF('Registro provvigioni'!$D$2:$D$101,E14) | G14: =SUMIF('Registro provvigioni'!$D$2:$D$101,E14,'Registro provvigioni'!$S$2:$S$101)
A15: Fatturata | B15: =COUNTIF('Registro provvigioni'!$W$2:$W$101,A15) | C15: =SUMIF('Registro provvigioni'!$W$2:$W$101,A15,'Registro provvigioni'!$S$2:$S$101) | E15: Locazione | F15: =COUNTIF('Registro provvigioni'!$D$2:$D$101,E15) | G15: =SUMIF('Registro provvigioni'!$D$2:$D$101,E15,'Registro provvigioni'!$S$2:$S$101) | H15: IVA standard | I15: 0.22
A16: Parziale | B16: =COUNTIF('Registro provvigioni'!$W$2:$W$101,A16) | C16: =SUMIF('Registro provvigioni'!$W$2:$W$101,A16,'Registro provvigioni'!$S$2:$S$101) | H16: Aliquota personalizzata 1 | I16: 0
A17: Da fatturare | B17: =COUNTIF('Registro provvigioni'!$W$2:$W$101,A17) | C17: =SUMIF('Registro provvigioni'!$W$2:$W$101,A17,'Registro provvigioni'!$S$2:$S$101) | H17: Aliquota personalizzata 2 | I17: 0
A21: Agente responsabile | B21: Operazioni | C21: Provvigioni lorde
A22: Paolo Moretti | B22: =COUNTIF('Registro provvigioni'!$J$2:$J$101,A22) | C22: =SUMIF('Registro provvigioni'!$J$2:$J$101,A22,'Registro provvigioni'!$S$2:$S$101)
A23: Silvia Ricci | B23: =COUNTIF('Registro provvigioni'!$J$2:$J$101,A23) | C23: =SUMIF('Registro provvigioni'!$J$2:$J$101,A23,'Registro provvigioni'!$S$2:$S$101)
A24: Andrea De Angelis | B24: =COUNTIF('Registro provvigioni'!$J$2:$J$101,A24) | C24: =SUMIF('Registro provvigioni'!$J$2:$J$101,A24,'Registro provvigioni'!$S$2:$S$101)

Sheet Istruzioni
A1: Istruzioni per il registro provvigioni
A3: Argomento | B3: Indicazioni operative
A4: Scopo del file | B4: Il workbook consente di calcolare, registrare e monitorare le provvigioni maturate dall'agenzia su compravendite e locazioni.
A5: Registro provvigioni | B5: Inserire o aggiornare una riga per ciascuna operazione. Le celle gialle sono modificabili; le colonne di calcolo vengono compilate automaticamente.
A6: Base provvigionale | B6: Per una compravendita è pari al valore dell'immobile. Per una locazione è pari al canone mensile moltiplicato per le mensilità considerate.
A7: Provvigione imponibile | B7: È calcolata applicando l'aliquota di provvigione alla base provvigionale, prima dell'applicazione dell'IVA.
A8: IVA e provvigione lorda | B8: L'IVA è calcolata sulla provvigione imponibile. La provvigione lorda è la somma tra imponibile e IVA.
A9: Quota agente e quota agenzia | B9: La quota agente è calcolata sulla provvigione lorda. La quota agenzia è la differenza tra provvigione lorda e quota agente.
A10: Esempio compravendita | B10: Valore immobile 320.000,00 €, aliquota 3,00%: imponibile 9.600,00 €, IVA 22,00% pari a 2.112,00 €, provvigione lorda 11.712,00 €.
A11: Esempio locazione | B11: Canone mensile 1.250,00 €, due mensilità considerate e aliquota 100,00%: imponibile 2.500,00 €, a cui applicare l'IVA prevista.
A12: Riepilogo | B12: Il foglio riepiloga importi, stati di pagamento, tipologie di operazione e risultati per agente. I grafici utilizzano le aggregazioni dell'intervallo operativo.
A13: Controlli operativi | B13: Verificare sempre accordi contrattuali, fatture emesse, date di incasso e importi effettivamente ricevuti prima di considerare una provvigione definitiva.
A14: Nota fiscale | B14: La provvigione è normalmente soggetta a IVA, salvo regimi fiscali specifici. Verificare il trattamento applicabile e aggiornare il parametro IVA solo se necessario.
A16: Legenda colori
A17: Giallo | B17: Input modificabile
A18: Verde | B18: Incassato / valore positivo
A19: Rosso | B19: Attenzione: da fatturare o pagamento parziale
